 Dungeon Crawl Stone Soup version 0.30-a0-883-g5ad918d77d (webtiles) character file.

Game seed: 13237813156180875845

7742 oldriver the Fighter (level 11, -3/148 HPs)
             Began as a Yellow Draconian Earth Elementalist on Mar 17, 2023.
             Was a Believer of Vehumet.
             Slain by a salamander (4 damage)
             ... in a volcano.
             The game lasted 00:19:25 (12096 turns).

oldriver the Fighter (DrEE)                        Turns: 12096, Time: 00:19:26

Health: -3/148     AC: 12    Str:  8    XL:     11   Next: 0%
Magic:  22/24      EV: 12    Int: 19    God:    Vehumet [**....]
Gold:   1215       SH:  0    Dex:  7    Spells: 23/29 levels left

rFire   + . .      SeeInvis .    p - +9 halberd "Angiol" {drain, rPois Will+++ Str-3 Dex-3}
rCold   . . .      Faith    .    (shield currently unavailable)
rNeg    . . .      Spirit   .    (body armour unavailable)
rPois   +          Reflect  .    (helmet restricted)
rElec   .          Rampage  .    G - +1 cloak
rCorr   +                        (no gloves)
Will    +++..                    H - +2 pair of boots Stlth
                                 (no amulet)
HPRegen 0.44/turn                q - ring of protection from cold
MPRegen 0.19/turn                u - ring of fire

@: brilliant, berserking, hasted, very quick
A: spit acid, AC +7, unfitting armour, cold-blooded, acid resistance, horns 1,
camouflage 1, clumsy 1
a: Breathe Acid, Renounce Religion


You were in a volcano.
You worshipped Vehumet.
Vehumet was pleased with you.
You visited 3 branches of the dungeon, and saw 10 of its levels.
You also visited: Sewer, Ossuary and Volcano.

You collected 1509 gold pieces.
You spent 294 gold pieces at shops.

Inventory:

Hand Weapons
 h - the +1 spear of Untimely Demise {vamp, +Blink rF- Str+7 Dex+2}
   (You found it on level 2 of the Dungeon)

   Str:       It affects your strength (+7).
   Dex:       It affects your dexterity (+2).
   rF:        It makes you vulnerable to fire.
   +Blink:    It lets you blink.
 p - the +9 halberd "Angiol" (weapon) {drain, rPois Will+++ Str-3 Dex-3}
   (You found it on level 7 of the Dungeon)

   Str:       It affects your strength (-3).
   Dex:       It affects your dexterity (-3).
   rPois:     It protects you from poison.
   Will:      It greatly increases your willpower.
 s - a +7 sling
Missiles
 c - 6 atropa-tipped darts
 r - 4 poisoned darts
Armour
 G - a +1 cloak (worn)
 H - a +2 pair of boots (worn)
Jewellery
 q - a ring of protection from cold (left hand)
 u - a ring of fire (right hand)
Wands
 j - a wand of digging (5)
 F - a wand of paralysis (11)
Scrolls
 a - a scroll of silence
 g - 4 scrolls of amnesia
 v - a scroll of fog
 w - 4 scrolls of identify
 x - a scroll of teleportation
 C - 3 scrolls of immolation
 D - 2 scrolls of poison
 E - a scroll of vulnerability
Potions
 b - 2 potions of ambrosia
 d - 2 potions of brilliance
 e - 5 potions of degeneration
 f - 3 potions of lignification
 i - a potion of might
 k - a potion of flight
 l - a potion of attraction {unknown}
 m - a potion of invisibility {unknown}
 n - 7 potions of curing
 o - 2 potions of haste
 z - 3 potions of heal wounds
 B - a potion of resistance {unknown}


   Skills:
 - Level 10.0 Fighting
 - Level 4.0 Dodging
 - Level 4.0 Stealth
 + Level 9.5 Spellcasting
 + Level 7.6 Conjurations
 - Level 1.0 Transmutations
 - Level 5.0 Earth Magic


You had 23 spell levels left.
You knew the following spells:

 Your Spells              Type           Power      Damage    Failure   Level
a - Sandblast             Erth           84%        2d18      1%          1
b - Passwall              Tmut/Erth      25%        N/A       3%          2
c - Stone Arrow           Conj/Erth      98%        3d13      1%          3

Your spell library contained the following spells:

 Spells                   Type           Power      Damage    Failure   Level
 Inner Flame              Hex/Fire       20%        N/A       24%         3
 Blink                    Tloc           26%        N/A       12%         2
 Petrify                  Tmut/Erth      30%        N/A       22%         4
 Manifold Assault         Tloc           13%        N/A       61%         4
 Storm Form               Tmut/Air       8%         N/A       100%        7


Dungeon Overview and Level Annotations

Branches:
Dungeon (8/15)             Temple (1/1) D:4            Lair (1/5) D:8
  Sewer (visited)         Ossuary (visited)         Volcano (1/1)

Altars:
Ashenzari
Cheibriados
Dithmenos
Elyvilon
Fedhas
Gozag
Hepliaklqana
Kikubaaqudgha
Nemelex Xobeh
Okawaru
Qazlal
Ru
Sif Muna
Trog
Uskayaw
Vehumet
Wu Jian
Xom
Yredelemnul
Zin
The Shining One

Shops:
D:2 [!**   D:4 **   D:7 **   D:8 *


Innate Abilities, Weirdness & Mutations

You can spit globs of acid.
Your golden yellow scales are hard. (AC +7)
You cannot fit into any form of body armour.
You are cold-blooded and may be slowed by cold attacks.
You are resistant to acid. (rCorr)
You have a pair of small horns on your head.
Your skin changes colour to match your surroundings (Stealth+).
You are clumsy. (Dex -2)


Message History

The salamander misses you.
The salamander unwields a +0 shortbow of flaming.
It stops flaming.
The salamander misses you.
The salamander mystic hits you with a +0 quarterstaff.
You are engulfed in flames.
You resist.
* * * LOW HITPOINT WARNING * * *
You slash the salamander mystic!
Your tail-slap misses the salamander mystic.
The salamander mystic is almost dead.
The salamander barely misses you.
The salamander mystic hits you with a +0 quarterstaff.
* * * LOW HITPOINT WARNING * * *
You are engulfed in flames.
You resist.
* * * LOW HITPOINT WARNING * * *
The salamander closely misses you.
You slice the salamander mystic!!
You kill the salamander mystic!
Vehumet accepts your kill.
The salamander hits you from afar with a +0 glaive.
* * * LOW HITPOINT WARNING * * *
You are engulfed in flames.
You resist.
* * * LOW HITPOINT WARNING * * *
The salamander hits you.
* * * LOW HITPOINT WARNING * * *
You are engulfed in flames.
You resist.
* * * LOW HITPOINT WARNING * * *
Training target 10.0 for Fighting reached!
Your Fighting skill increases to level 10!
You have reached level 11!
Okay, then.
You are too berserk!
You hit the salamander. You drain the salamander. You headbutt the salamander.
Your tail-slap misses the salamander.
The salamander is lightly wounded.
The salamander hits you from afar with a +0 glaive!
* * * LOW HITPOINT WARNING * * *
You are engulfed in flames!
You resist.
* * * LOW HITPOINT WARNING * * *
The salamander hits you.
You die...

#### ####..## # #####
##....... ###. #...##
###.....§§§
#.8.N#....###8.....≈≈≈§
#._..N@∩.)'......§§≈§≈§
#.8..#)...###8....≈≈≈§§
###. #...## ##...§§≈≈§§
# ##### ###...≈≈§≈≈≈
##...§≈≈§≈≈≈≈
#....§§§≈≈≈§§
#...≈≈§§≈≈≈§§
#...≈§§§≈≈≈§§
#....§≈≈§≈§≈≈


You could see 2 salamanders.

Vanquished Creatures
  A salamander mystic (Volcano)
  A salamander (Volcano)
  Joseph (D:7)
  A black mamba (Lair:1)
  Maggie (D:8)
  6 yaks
  8 fire bats (Volcano)
  A steam dragon (D:8)
  3 water moccasins
  A sky beast (D:8)
  2 orc warriors (D:6)
  4 ice beasts
  2 black bears
  3 ogres
  6 centaurs
  A kobold brigand (D:7)
  5 bullfrogs
  A water moccasin zombie (Ossuary)
  A scorpion (D:6)
  5 wights (D:8)
  2 vampire bats (D:3)
  2 howler monkeys
  6 lava snakes (Volcano)
  4 centaur zombies (Ossuary)
  2 orc priests (D:6)
  4 hounds
  3 sleepcaps
  2 scorpion zombies (Ossuary)
  2 iguanas
  An orc wizard (D:6)
  A hell rat (Sewer)
  An ogre zombie (Ossuary)
  A mummy (Ossuary)
  6 adders
  5 river rats
  A shadow imp (D:7)
  2 white imps
  3 ufetubi
  3 adder zombies (Ossuary)
  5 worms
  3 dart slugs
  16 orcs
  8 ball pythons
  12 endoplasms
  5 giant cockroaches
  8 gnoll zombies (Ossuary)
  7 goblins
  10 hobgoblins
  5 quokkas
  10 bats
  A frilled lizard (D:3)
  3 hobgoblin zombies (Ossuary)
  6 kobolds
  An orc zombie (Ossuary)
  7 rats
212 creatures vanquished.

Notes
Turn   | Place    | Note
-------+----------+-------------------------------------------
     0 | D:1      | oldriver the Draconian Earth Elementalist began the quest
                  | for the Orb.
     0 | D:1      | Reached XP level 1. HP: 14/14 MP: 3/3
   162 | D:1      | Reached XP level 2. HP: 20/20 MP: 1/5
   540 | D:1      | You fall into a shaft and drop 1 floor!
   606 | D:2      | Found Xeluiroa's Distillery.
   618 | D:2      | Reached XP level 3. HP: 26/26 MP: 1/7
   681 | D:2      | Bought a potion of heal wounds for 50 gold pieces
   720 | D:2      | Found Jouhy's Assorted Antiques.
   982 | D:2      | Identified the +1 spear of Untimely Demise {vamp, +Blink
                  | rF- Str+7 Dex+2}
  1026 | D:2      | Reached XP level 4. HP: 33/33 MP: 2/9
  1090 | D:2      | Found Yczag's Armour Shoppe.
  1278 | D:1      | Learned a level 2 spell: Passwall
  1282 | D:1      | Learned a level 3 spell: Stone Arrow
  1671 | D:2      | Found a faded altar of an unknown god.
  1809 | D:2      | Found Vucunota's Assorted Antiques.
  2056 | D:3      | Reached XP level 5. HP: 38/38 MP: 5/11
  2784 | D:3      | Identified the +4 scale mail "Bexkooph" {rC+ Regen+}
  3239 | D:4      | Found Zin's Purification Station.
  3240 | D:4      | Found a glowing silver altar of Zin.
  3306 | D:4      | Found a sacrificial altar of Ru.
  3313 | D:4      | Found a staircase to the Ecumenical Temple.
  3815 | D:4      | Found Zauwk's General Store.
  3923 | D:2      | Bought a scroll labelled RUOKUI AMMEUQE for 23 gold pieces
  3950 | D:2      | Bought a scroll labelled UCKELE NABEO for 26 gold pieces
  4121 | D:5      | Entered Level 5 of the Dungeon
  4130 | D:5      | Reached XP level 6. HP: 39/45 MP: 5/13
  4205 | D:5      | Found a snail-covered altar of Cheibriados.
  4211 | D:5      | Reached skill level 5 in Spellcasting
  4213 | D:5      | Noticed a yak
  4214 | D:5      | Noticed a yak
  4216 | D:5      | Noticed a yak
  4220 | D:5      | Noticed a yak
  4222 | D:5      | Noticed a yak
  4225 | D:4      | Killed a yak
  4226 | D:4      | Reached skill level 5 in Earth Magic
  4226 | D:4      | Reached skill level 2 in Fighting
  4362 | D:5      | Found a glowing drain.
  4390 | Sewer    | Entered a sewer
  4401 | Sewer    | Reached skill level 3 in Fighting
  4752 | D:5      | Reached skill level 4 in Fighting
  4752 | D:5      | Your scales start taking on a golden yellow colour.
  4752 | D:5      | Reached XP level 7. HP: 59/60 MP: 4/14
  4752 | D:5      | Gained mutation: You are resistant to acid. (rCorr) [Yellow
                  | Draconian growth]
  4799 | D:4      | Killed a yak
  4800 | D:4      | Reached skill level 5 in Fighting
  4838 | Temple   | Entered the Ecumenical Temple
  5109 | Temple   | Became a worshipper of Vehumet
  5249 | D:5      | Reached skill level 1 in Conjurations
  5568 | D:6      | Reached XP level 8. HP: 67/70 MP: 10/16
  5624 | D:6      | Reached skill level 6 in Fighting
  6682 | D:6      | Reached skill level 7 in Fighting
  6697 | D:6      | Reached XP level 9. HP: 49/79 MP: 0/19
  7139 | D:6      | Reached * piety under Vehumet
  7139 | D:6      | Offered knowledge of Magic Dart by Vehumet.
  7154 | D:6      | Reached skill level 5 in Conjurations
  7525 | D:6      | Reached skill level 8 in Fighting
  8553 | D:7      | Found Xiumytt's Specific Store.
  8557 | D:7      | Found Bodgho Vadwu's General Store.
  8647 | D:7      | Noticed Joseph
  8675 | D:7      | Killed Joseph
  9040 | D:7      | Identified the +9 halberd "Angiol" {drain, rPois Will+++
                  | Str-3 Dex-3}
  9560 | D:8      | Reached XP level 10. HP: 27/90 MP: 6/22
  9589 | D:8      | Found Usaxeify's Overcharged Wands.
  9609 | D:8      | Noticed Maggie
  9618 | D:8      | Killed Maggie
  9751 | D:8      | Found a sand-covered staircase.
  9759 | Ossuary  | Entered an ossuary
 10152 | Ossuary  | Reached ** piety under Vehumet
 10152 | Ossuary  | Offered knowledge of Foxfire by Vehumet.
 10649 | D:2      | Bought a pair of embroidered boots for 195 gold pieces
 10656 | D:2      | Identified a scroll of acquirement
 10656 | D:2      | Acquired 1060 gold pieces
 10897 | D:8      | Found a staircase to the Lair.
 11087 | D:8      | Reached skill level 9 in Fighting
 11343 | Lair:1   | Entered Level 1 of the Lair of Beasts
 11357 | Lair:1   | Noticed a black mamba
 11368 | Lair:1   | Killed a black mamba
 11454 | Lair:1   | Found a dark tunnel.
 11472 | Volcano  | Entered a volcano
 12009 | Volcano  | Offered knowledge of Inner Flame by Vehumet.
 12074 | Volcano  | Noticed a salamander
 12079 | Volcano  | Killed a salamander
 12085 | Volcano  | Found a radiant altar of Vehumet.
 12085 | Volcano  | Noticed a salamander
 12085 | Volcano  | Noticed a salamander mystic
 12085 | Volcano  | Noticed a salamander
 12087 | Volcano  | Gained mutation: You have a pair of small horns on your
                  | head. [potion of mutation]
 12087 | Volcano  | Gained mutation: You are clumsy. (Dex -2) [potion of
                  | mutation]
 12087 | Volcano  | Gained mutation: Your skin changes colour to match your
                  | surroundings (Stealth+). [potion of mutation]
 12095 | Volcano  | Killed a salamander mystic
 12096 | Volcano  | Reached skill level 10 in Fighting
 12096 | Volcano  | Reached XP level 11. HP: 15/99 MP: 22/24
 12096 | Volcano  | HP: 1/148 [salamander/+0 glaive (7)]
 12096 | Volcano  | Slain by a salamander

Illustrated notes

Levels and vault maps discovered:
D:1:      heliophobic_arrival_enchanted_forest, layout_loops_ring,
          dreamdust_princess_bridge
D:2:      layout_basic, hellmonk_ecumenical_altar_blasted, serial_shops, shop,
          shop, shop_fountains, shop
D:3:      layout_basic, fountainhead, roderic_batcave, lemuel_flame_loot_1
D:4:      layout_basic, zin_purify, overflow_temple_1_default, temple_fountains,
          serial_shops, kennysheep_mini
D:5:      layout_cave_pools, kennysheep_slug_shrine, gup_sewer_entry_spiral,
          serial_rivers, chequers_serial_rivers_micro_d,
          chequers_serial_rivers_micro_b, chequers_serial_rivers_micro_d,
          chequers_serial_rivers_micro_a, chequers_serial_rivers_large_a,
          chequers_serial_rivers_marsh
D:6:      minmay_bubble_buster, layout_gridville, amcnicky_mini_pool_small
D:7:      layout_basic, serial_demonic, serial_demonic_g, serial_demonic_a,
          serial_demonic_f, serial_demonic_b, nicolae_specific_store,
          uniq_joseph
D:8:      layout_basic, lair_entry_dummy, nicolae_ossuary_entry_plus,
          nrook_uturn, nicolae_shop_overcharged_wands, uniq_maggie
Temple:   mainiacjoe_temple_bowtie_tessellation
Lair:1:   statuecave_lemuel, layout_chaotic_city, basic_altar,
          nicolae_volcano_entry_two_sided
Volcano:  volcano_grotto [vgs_original]

Skill      XL: |  1  2  3  4  5  6  7  8  9 10 |
---------------+-------------------------------+-----
Spellcasting   | 3 4 5 6 8 9 |  9.5
Earth Magic    | 4 5 |  5.0
Fighting       | 4 5 7 8 10 | 10.0
Stealth        | 2 3 4 |  4.0
Dodging        | 2 3 4 |  4.0
Conjurations   | 2 4 5 7 |  7.6
Transmutations | |  1.0

Action                     |  1- 3 |  4- 6 |  7- 9 | 10-12 || total
---------------------------+-------+-------+-------+-------++-------
  Melee: Unarmed           |    11 |       |       |       ||    11
         Spear             |       |    11 |    14 |       ||    25
         Tailslap          |       |     2 |     4 |       ||     6
         Punch             |       |     1 |     1 |       ||     2
         Halberd           |       |       |       |    11 ||    11
         Headbutt          |       |       |       |     2 ||     2
   Fire: Sling             |       |       |    24 |    96 ||   120
  Throw: Dart              |       |       |       |     2 ||     2
   Cast: Sandblast         |    57 |   105 |    96 |     7 ||   265
         Stone Arrow       |       |     6 |    82 |    72 ||   160
         Passwall          |       |       |     3 |       ||     3
Ability: Breathe Acid      |       |       |     6 |       ||     6
    Use: Scroll            |       |    13 |     3 |     6 ||    22
         Potion            |       |     1 |     5 |     5 ||    11
 Armour: Skin              |     9 |    22 |    48 |    60 ||   139
  Dodge: Dodged            |    22 |    53 |   114 |    95 ||   284

Table legend: (Time is in decaauts)
 A = Elapsed time spent in this place.
 B = Non-inter-level travel time spent in this place.
 C = Inter-level travel time spent in this place.
 D = Time resting spent in this place.
 E = Time spent auto-exploring this place.
 F = Levels seen in this place.
 G = Mean time per level.
                   A        B        C        D        E       F      G
               +--------+--------+--------+--------+--------+-----+--------+
         Total |  12336 |  11521 |    815 |   2020 |   7472 |  13 |  948.9 |
       Dungeon |  10450 |   9674 |    776 |   1613 |   6569 |   8 | 1306.2 |
        Temple |    290 |    251 |     39 |      0 |    238 |   1 |  290.0 |
          Lair |    131 |    131 |      0 |      0 |      0 |   1 |  131.0 |
         Sewer |    319 |    319 |      0 |    111 |    137 |   1 |  319.0 |
       Ossuary |    521 |    521 |      0 |      0 |    328 |   1 |  521.0 |
       Volcano |    623 |    623 |      0 |    296 |    200 |   1 |  623.0 |
               +--------+--------+--------+--------+--------+-----+--------+

Top non-repeatable levels by time:
     D:6: 2852 daAuts
     D:7: 1353 daAuts
     D:2: 1220 daAuts
     D:3: 1155 daAuts
     D:8: 1057 daAuts
     D:4: 1048 daAuts
     D:1: 998 daAuts
     D:5: 763 daAuts
 Volcano: 623 daAuts
 Ossuary: 521 daAuts
   Sewer: 319 daAuts
  Temple: 290 daAuts
  Lair:1: 131 daAuts
